Map: Acropolis LE

Players

Harstem - Winner!

  • Race: Protoss Protoss
  • League: Grandmaster
  • Spawn Location: 5:00

A.I. 1 (Very Easy)

  • Race: Terran Terran
  • Spawn Location: 11:00

VOD

Have the link to the VOD?

Description

Time

  • Played on: Oct. 7, 2019, 2:55 p.m.
  • Length: 5:59
Show
View Real Time Build Order
Export as new Build Order

Harstem Protoss - Winner!

Build Orders: 1 Gate Expand 

Get SALT Encoding   

  12  0:01  Probe  
  13  0:13  Probe  
  14  0:16  Pylon  
  14  0:25  Probe (Chrono Boost)  
  15  0:32  Assimilator  
  15  0:37  Probe (Chrono Boost)  
  16  0:45  Gateway, Probe (Chrono Boost)  
  17  0:51  Probe  
  18  1:03  Probe  
  19  1:15  Probe  
  20  1:22  Nexus  
  20  1:32  Cybernetics Core  
  20  1:33  Probe  
  20  1:39  Assimilator  
  21  1:45  Probe  
  22  1:49  Pylon  
  22  1:57  Probe  
  23  2:05  Adept (Chrono Boost)  
  25  2:09  Probe  
  25  2:14  Robotics Facility  
  26  2:22  Robotics Facility  
  26  2:23  Probe  
  27  2:32  Stalker  
  27  2:35  Probe  
  30  2:38  Probe  
  30  2:41  Warp Gate  
  31  2:47  Probe  
  33  2:59  Immortal (Chrono Boost)  
  37  3:13  Probe  
  37  3:17  Warp Prism (Chrono Boost)  
  38  3:28  Immortal (Chrono Boost)  
  42  3:36  Probe  
  44  3:42  Pylon  
  43  3:50  Gateway  
  43  3:51  Gateway, Probe  
  45  3:57  Probe  
  45  4:01  Observer (Chrono Boost)  
  46  4:06  Pylon  
  46  4:09  Immortal  
  50  4:22  Immortal  
  54  4:32  Stalker  
  54  4:36  Pylon  
  56  4:50  Stalker  
  56  4:51  Stalker  
  60  4:55  Stalker  
  60  4:57  Pylon  
  62  5:08  Probe  
  62  5:09  Probe  
  62  5:13  Stalker  
  66  5:14  Zealot  
  66  5:19  Zealot  
  66  5:21  Probe x2  
  72  5:23  Pylon  
  72  5:29  Stalker  
  72  5:35  Pylon, Stalker  
  76  5:39  Stalker  
  78  5:52  Stalker  
Show
View Real Time Build Order
Export as new Build Order

A.I. 1 (Very Easy) Terran 

Build Orders: Reaper Expand 

Get SALT Encoding   

  12  0:00  SCV  
  13  0:13  SCV  
  14  0:18  Supply Depot  
  14  0:42  Barracks  
  14  1:02  Command Center  
  14  1:30  Supply Depot, Orbital Command  
  14  1:31  Marine  
  15  1:35  Refinery  
  15  1:47  Refinery  
  15  1:56  SCV  
  16  2:08  SCV  
  16  2:14  SCV  
  16  2:15  Reaper  
  19  2:21  SCV  
  20  2:28  SCV  
  21  2:35  SCV  
  22  2:43  SCV  
  23  2:49  Refinery  
  23  2:50  SCV  
  24  2:54  Marine  
  24  2:57  SCV  
  26  3:04  SCV  
  27  3:11  SCV  
  28  3:18  Factory  
  28  3:19  SCV  
  29  3:35  Marine  
  29  3:41  Refinery  
  30  3:42  SCV  
  31  3:49  SCV  
  32  3:55  Supply Depot  
  32  3:56  SCV  
  33  4:04  SCV  
  33  4:05  Starport  
  34  4:11  SCV  
  34  4:12  Hellion  
  36  4:21  SCV  
  34  4:28  SCV  
  32  4:36  SCV  
  30  4:40  Hellion  
  30  4:43  Starport Tech Lab, SCV  
  26  4:54  SCV  
  24  5:01  SCV  
  23  5:09  SCV  
  25  5:17  SCV  
  24  5:24  SCV  
  17  5:39  Supply Depot  
Tags
 
Add a new tag
Caveats
  • Supply blocks, unpowered buildings, or Contaminate may cause inaccurate times.
  • Supply counts are checked every 10 seconds.